 Dungeon Crawl Stone Soup version 0.16.2-2-g470672f (webtiles) character file.

205 dvd the Sneak (level 5, -6/25 HPs)
             Began as a Spriggan Enchanter on Aug 29, 2015.
             Killed from afar by an orc wizard (7 damage)
             ... with a puff of flame
             ... on level 4 of the Dungeon.
             The game lasted 00:24:54 (3577 turns).

dvd the Sneak (Spriggan Enchanter)                  Turns: 3577, Time: 00:24:54

Health: -6/25      AC:  3    Str:  4    XL:     5   Next: 52%
Magic:  3/16       EV: 19    Int: 18    God:
Gold:   224        SH:  0    Dex: 16    Spells: 4 memorised, 2 levels left

rFire  . . .     SeeInvis +     a - +1 dagger
rCold  . . .     Clarity  .     b - +1 robe
rNeg   . . .     SustAb   .     (shield restricted)
rPois  .         Gourm    .     (helmet restricted)
rElec  .         Spirit   .     (no cloak)
rCorr  .         Warding  .     (gloves unavailable)
rMut   .         Stasis   .     (boots unavailable)
MR     .....                    (no amulet)
Stlth  ++++......               (no ring)
                                (no ring)

@: flying, very slightly contaminated, very quick, not resistant to hostile
enchantments, stealthy
A: unfitting armour, see invisible, herbivore 3, speed 3, slow metabolism 2
a: no special abilities


You were on level 4 of the Dungeon.
You were not hungry.

You visited 1 branch of the dungeon, and saw 6 of its levels.

You collected 224 gold pieces.

Inventory:

Hand weapons
 a - a +1 dagger (weapon)
 n - a +0 short sword
 p - a +0 short sword
 r - a +0 dagger
 t - a +0 short sword
 z - a +0 blowgun
Missiles
 A - 12 poisoned needles
Armour
 b - a +1 robe (worn)
 l - a +0 buckler
 y - a cursed -1 buckler
Scrolls
 e - 3 scrolls of remove curse {unknown}
 f - 2 scrolls of teleportation {unknown}
 h - 4 scrolls of identify {unknown}
 i - a scroll of enchant weapon {unknown}
 m - a scroll of magic mapping {unknown}
 q - a scroll of recharging {unknown}
 s - 3 scrolls of amnesia {unknown}
Potions
 g - a potion of cure mutation {unknown}
 o - a potion of flight
 u - a potion of agility {unknown}
 v - a potion of resistance {unknown}
 x - a potion of curing {unknown}
Books
 c - a book of Maledictions

   Spells                             Type                      Level
   a - Corona                         Hexes                        1
   b - Sure Blade                     Hexes/Charms                 2
   c - Ensorcelled Hibernation        Hexes/Ice                    2
   d - Confuse                        Hexes                        3
   e - Dazzling Spray                 Conjuration/Hexes            3
   f - Enslavement                    Hexes                        4
 k - a book of Flames

   Spells                             Type                      Level
   a - Flame Tongue                   Conjuration/Fire             1
   b - Throw Flame                    Conjuration/Fire             2
   c - Conjure Flame                  Conjuration/Fire             3
   d - Inner Flame                    Hexes/Fire                   3
   e - Sticky Flame                   Conjuration/Fire             4
   f - Fireball                       Conjuration/Fire             5
Comestibles
 d - 2 bread rations
 j - a slice of pizza
 w - 3 fruits


   Skills:
 + Level 0.4 Fighting
 + Level 1.3 Short Blades
 + Level 3.7 Dodging
 + Level 7.0 Stealth
 + Level 3.4 Spellcasting
 + Level 4.8 Hexes
 + Level 1.2 Ice Magic


You had 2 spell levels left.
You knew the following spells:

 Your Spells              Type           Power        Failure   Level  Hunger
a - Corona                Hex            ###....      1%          1    None
b - Ensorcelled Hibernat  Hex/Ice        ##....       10%         2    ##.....
c - Sure Blade            Hex/Chrm       ##........   12%         2    ##.....
d - Confuse               Hex            ###.....     10%         3    ###....


Dungeon Overview and Level Annotations

Branches:
Dungeon (6/15)
 Temple: D:4-7

Altars:

Shops:
D:4 *   D:5 *


Innate Abilities, Weirdness & Mutations

You are tiny and cannot use many weapons and most armour.
You have supernaturally acute eyesight.
You are a herbivore.
You cover ground extremely quickly.
You need consume almost no food.


Message History

The orc wizard resists with some effort.
The orc wizard closely misses you.
You hit the orc wizard.
The orc wizard is moderately wounded.
You barely miss the orc wizard.
The orc wizard is moderately wounded.
The orc wizard points at you and mumbles some strange words.
The magic dart hits you!
The orc wizard gestures wildly while chanting.
The orc wizard flickers and vanishes for a moment.
The orc wizard gestures at you while chanting.
The puff of flame hits you!
* * * LOW HITPOINT WARNING * * *
Drink which item? (? for menu, Esc to quit)
It was a potion of flight.
You feel very buoyant.
You fly up into the air.
The orc wizard gestures at you while chanting.
The puff of flame hits you!
You die...

#......#.............†
#......#.....#....##..
#..............#####..
##....#...........##..
##....###......#.....
#..#.....##.....#.##
##.#####.......##.#
#.## #.##.......##
#.@####.##.........
##.##....#...#.....
#.......#.........
###.........##....
#.....#...##....
#..o..#......###
###.#..###.#####
#..#..†...# #.
###..).)#########


You could see an orc wizard (invisible).

Vanquished Creatures
  A worker ant (D:5)
  7 adders
  4 worms
  6 giant geckos
  An ooze (D:5)
  5 orcs
  6 bats
  A bat skeleton (D:3)
  2 giant cockroaches (D:1)
  9 goblins
  12 hobgoblins
  6 jackals (D:2)
  A quokka (D:4)
  4 giant newts
  12 kobolds
  6 rats
  A plant (D:1)
84 creatures vanquished.

Notes
Turn   | Place    | Note
--------------------------------------------------------------
     0 | D:1      | dvd, the Spriggan Enchanter, began the quest for the Orb.
     0 | D:1      | Reached XP level 1. HP: 9/9 MP: 4/4
   285 | D:1      | Reached XP level 2. HP: 13/13 MP: 5/7
   292 | D:1      | Learned a level 2 spell: Ensorcelled Hibernation
   295 | D:1      | Learned a level 2 spell: Sure Blade
   759 | D:1      | Reached skill level 5 in Stealth
  1089 | D:1      | Reached XP level 3. HP: 16/16 MP: 3/9
  1595 | D:2      | Reached skill level 6 in Stealth
  1673 | D:2      | Reached XP level 4. HP: 21/21 MP: 10/13
  2373 | D:3      | Reached skill level 1 in Ice Magic
  2443 | D:3      | You fall through a shaft!
  2443 | D:6      | Noticed a troll
  2462 | D:5      | Entered Level 5 of the Dungeon
  2548 | D:5      | Found Kleut's Assorted Antiques.
  2558 | D:5      | Reached XP level 5. HP: 24/24 MP: 11/16
  2592 | D:5      | Learned a level 3 spell: Confuse
  3441 | D:4      | Reached skill level 7 in Stealth
  3523 | D:4      | Found Twymisah's Assorted Antiques.
  3571 | D:4      | HP: 1/25 [orc wizard/puff of flame (10)]
  3577 | D:4      | Killed from afar by an orc wizard

Action                   |  1- 3 |  4- 6 || total
-------------------------+-------+-------++-------
Melee: Dagger            |    80 |    97 ||   177
 Cast: Corona            |     4 |     2 ||     6
       Ensorcelled Hiber |    30 |    37 ||    67
       Sure Blade        |     2 |     5 ||     7
       Confuse           |       |     2 ||     2
  Use: Potion            |       |     1 ||     1
 Stab: Sleeping          |    28 |    39 ||    67
  Eat: Bread ration      |       |     1 ||     1
